[Event "Titled Tuesday Blitz March 21 Late 2023"]
[White "Makhnev, Denis"]
[Black "Tanenbaum, Zachary"]
[WhiteFideId "13707647"]
[BlackFideId "2060850"]
[WhiteElo "2525"]
[BlackElo "2175"]
[Result "0-1"]
[Round "03"]
[TimeControl "180+2"]
[Date "2023.03.21"]
[WhiteClock "0:00:01"]
[BlackClock "0:00:14"]

1. d4 d5 2. c4 dxc4 3. Nf3 Nf6 4. e3 Bg4 5. Bxc4 e6 6. h3 Bh5 7. Nc3 Nbd7 8. g4 Bg6 9. Nh4 c6 10. Bb3 Bd6 11. g5 Nd5 12. Nxg6 hxg6 13. Ne4 Bb4+ 14. Kf1 Qe7 15. a3 Ba5 16. Qg4 O-O-O 17. Ba2 Kb8 18. b4 Bc7 19. Bb2 f5 20. gxf6 gxf6 21. Nc5 f5 22. Qe2 e5 23. Rc1 N7b6 24. b5 cxb5 25. Qxb5 f4 26. e4 Nf6 27. d5 Rc8 28. Ne6 Bd6 29. f3 Nh5 30. Kg2 Qh4 31. Qe2 Qg3+ 32. Kf1 Na4 33. Rxc8+ Rxc8 34. Bb3 Nxb2 35. Rg1 Qxh3+ 36. Qg2 Rc1+ 37. Ke2 Qxg2+ 38. Rxg2 Ng3+ 39. Kd2 Rf1 40. Rh2 a5 41. Rh8+ Ka7 42. Rd8 Bxa3 43. d6 Rf2+ 44. Kc3 Ne2+ 0-1


[Site "https://www.chess.com"]

[Event "Titled Tuesday Blitz March 21 Late 2023"]
[White "Nazari, Arad"]
[Black "Bok, Benjamin"]
[WhiteFideId "12577324"]
[BlackFideId "1017063"]
[WhiteElo "2313"]
[BlackElo "2658"]
[Result "0-1"]
[Round "03"]
[TimeControl "180+2"]
[Date "2023.03.21"]
[WhiteClock "0:00:08"]
[BlackClock "0:00:34"]

1. e4 c5 2. Nf3 d6 3. Bb5+ Nd7 4. d4 cxd4 5. Qxd4 a6 6. Bxd7+ Bxd7 7. O-O Nf6 8. Rd1 Bg4 9. Qe3 Qc7 10. Nc3 e6 11. h3 Bh5 12. b3 Be7 13. Bb2 O-O 14. Rac1 b5 15. Ne2 Rfd8 16. Nf4 Bxf3 17. Qxf3 Qb7 18. Bxf6 Bxf6 19. c4 h6 20. Nd3 Bg5 21. Rc2 Rac8 22. Nb2 Bf6 23. Qe2 Bxb2 24. Rxb2 bxc4 25. bxc4 Qc6 26. Rbd2 Qxc4 27. Qxc4 Rxc4 28. Rxd6 Rxd6 29. Rxd6 Ra4 30. e5 Rxa2 31. Rd7 g5 32. g4 a5 33. Ra7 a4 34. Kg2 a3 35. Kg3 Ra1 36. Kf3 Kf8 37. Ra8+ Ke7 38. Ra7+ Ke8 39. Ra8+ Kd7 40. Ra7+ Kc6 41. Rxf7 Rb1 42. Ra7 Rb3+ 43. Ke4 Kb5 44. Rb7+ Kc4 45. Ra7 Kb4 46. f3 Kc3 47. Ra6 Kb2 48. Rxe6 a2 49. Ra6 Ra3 50. Rb6+ Kc2 51. Rc6+ Kd2 52. Rd6+ Ke2 53. e6 a1=Q 54. e7 Re3+ 0-1


[Site "https://www.chess.com"]

[Event "Titled Tuesday Blitz March 21 Late 2023"]
[White "Postny, Evgeny"]
[Black "Martinez Alcantara, Jose Eduardo"]
[WhiteFideId "2804344"]
[BlackFideId "3805662"]
[WhiteElo "2509"]
[BlackElo "2712"]
[Result "1-0"]
[Round "03"]
[TimeControl "180+2"]
[Date "2023.03.21"]
[WhiteClock "0:00:07"]
[BlackClock "0:00:13"]

1. e4 c5 2. Nf3 d6 3. d4 cxd4 4. Nxd4 Nf6 5. Nc3 a6 6. Be2 e5 7. Nf3 Be7 8. O-O Qc7 9. Re1 h6 10. h3 Be6 11. Bf1 Nbd7 12. a4 Rc8 13. a5 O-O 14. Be3 Rfd8 15. Nd2 Qc6 16. Rc1 d5 17. exd5 Nxd5 18. Nxd5 Bxd5 19. c4 Be6 20. Qf3 Qxf3 21. Nxf3 Bb4 22. Bd2 Bxd2 23. Nxd2 Nc5 24. Nf3 e4 25. Ne5 Nd3 26. Bxd3 exd3 27. Red1 f6 28. Nxd3 Rxc4 29. Ne1 Rxd1 30. Rxd1 Ra4 31. Nd3 Rd4 32. Re1 Bd5 33. Nc5 Rb4 34. Nd3 Rb5 35. Nf4 Bc6 36. Re7 Kf8 37. Ng6+ Kg8 38. Nf4 g5 39. Nh5 Kf8 40. Rh7 Rxa5 41. Nxf6 Ra1+ 42. Kh2 Ra2 43. Rxh6 Kg7 44. Ng4 Rxb2 45. Re6 a5 46. Ne5 Bd5 47. Rd6 Bg8 48. Rg6+ Kf8 49. Rxg5 a4 50. Nd7+ Ke7 51. Nc5 a3 52. Rxg8 a2 53. Ra8 b5 54. Nd3 Rb3 55. Nc1 Rb2 56. Nxa2 Rxf2 57. Kg3 Rb2 58. Kg4 Kf6 59. g3 Rb3 60. Ra6+ Ke5 61. Kh4 Rb2 62. g4 Kf4 63. Ra5 Rb3 64. Ra8 Ke5 65. Re8+ Kf6 66. Nc1 Rb2 67. Nd3 Rd2 68. Nf4 Kf7 69. Re5 Rb2 70. Rf5+ Ke7 71. Nd5+ Ke6 72. Kg5 b4 73. Nf4+ Ke7 74. Rb5 b3 75. h4 Rb1 76. h5 Kd7 77. h6 Kc6 78. Rb8 b2 79. Nd3 Kc7 80. Rxb2 Rh1 81. Rc2+ Kd7 82. Rf2 Ke7 83. Ne5 Ke6 84. Ng6 Rh2 85. Nh4 Rxf2 86. h7 Rf8 87. Ng6 Re8 88. h8=Q Rxh8 89. Nxh8 Ke7 90. Kg6 Kf8 91. Kh7 Ke7 92. g5 Ke8 93. g6 Ke7 94. g7 1-0


[Site "https://www.chess.com"]

[Event "Titled Tuesday Blitz March 21 Late 2023"]
[White "Makarian, Rudik"]
[Black "Santos Ruiz, Miguel"]
[WhiteFideId "44105681"]
[BlackFideId "22291482"]
[WhiteElo "2436"]
[BlackElo "2504"]
[Result "1-0"]
[Round "03"]
[TimeControl "180+2"]
[Date "2023.03.21"]
[WhiteClock "0:00:21"]
[BlackClock "0:00:01"]

1. d4 Nf6 2. c4 e6 3. Nf3 d5 4. Nc3 Bb4 5. Qa4+ Nc6 6. Bd2 O-O 7. a3 Bxc3 8. Bxc3 Ne4 9. e3 Nxc3 10. bxc3 Bd7 11. cxd5 exd5 12. Qc2 Na5 13. Bd3 h6 14. Ne5 Be6 15. O-O Qd6 16. f4 Rae8 17. Rf3 Bc8 18. Raf1 Nc6 19. a4 Re7 20. Rg3 Kh8 21. Qd1 Re6 22. Bc2 Rf6 23. Rgf3 Ne7 24. g4 Re6 25. Qd3 f5 26. Rh3 Rxe5 27. fxe5 Qg6 28. Rg3 Qb6 29. Qe2 Kg8 30. gxf5 Bxf5 31. e4 dxe4 32. Bxe4 Qe6 33. Qg2 g5 34. Rgf3 Kg7 35. Bxf5 Nxf5 36. Qf2 Kg6 37. Qc2 h5 38. Qe4 g4 39. Rf4 c6 40. c4 Kg5 41. d5 cxd5 42. cxd5 Qc8 43. Kh1 h4 44. e6 Qc3 45. Rxf5+ 1-0


[Site "https://www.chess.com"]

[Event "Titled Tuesday Blitz March 21 Late 2023"]
[White "Bashirli, Nail"]
[Black "Terry, Renato"]
[WhiteFideId "13406809"]
[BlackFideId "3803457"]
[WhiteElo "2338"]
[BlackElo "2579"]
[Result "0-1"]
[Round "03"]
[TimeControl "180+2"]
[Date "2023.03.21"]
[WhiteClock "0:00:29"]
[BlackClock "0:01:19"]

1. e4 e6 2. d4 d5 3. Nd2 Be7 4. Bd3 c5 5. dxc5 Nf6 6. Qe2 O-O 7. Ngf3 a5 8. O-O Na6 9. e5 Nd7 10. c4 Ndxc5 11. Bb1 Nb4 12. Rd1 b6 13. a3 Nc6 14. cxd5 exd5 15. Nf1 Be6 16. Ne3 g6 17. Nc2 Nb3 18. Bh6 Re8 19. Ra2 d4 20. Qe4 Qd5 21. Qf4 Rad8 22. Ne3 dxe3 23. Rxd5 Rxd5 24. Bc2 e2 25. h4 Rd1+ 26. Kh2 Nbd4 0-1


[Site "https://www.chess.com"]

[Event "Titled Tuesday Blitz March 21 Late 2023"]
[White "Hansen, Eric"]
[Black "Beerdsen, Thomas"]
[WhiteFideId "2606771"]
[BlackFideId "1030108"]
[WhiteElo "2569"]
[BlackElo "2547"]
[Result "1-0"]
[Round "03"]
[TimeControl "180+2"]
[Date "2023.03.21"]
[WhiteClock "0:00:44"]
[BlackClock "0:00:40"]

1. d4 d5 2. c4 Nc6 3. Nf3 Bg4 4. e3 Nf6 5. Nc3 e6 6. h3 Bh5 7. Qb3 Bb4 8. Bd2 O-O 9. cxd5 exd5 10. Bb5 Qd6 11. Ne5 Bxc3 12. Bxc3 Ne4 13. O-O Nxe5 14. dxe5 Qe6 15. f4 c6 16. Bd3 Nc5 17. Qc2 Nxd3 18. Qxd3 f5 19. exf6 gxf6 20. f5 Qe4 21. Qxe4 dxe4 22. Rf4 Rae8 23. g4 Bf7 24. Bxf6 Bc4 25. Bd4 b6 26. Rc1 Bd5 27. b4 Kf7 28. g5 Rg8 29. h4 Rc8 30. Kf2 Ke7 31. Kg3 Kd6 32. Kg4 c5 33. bxc5+ bxc5 34. Bc3 Rce8 35. h5 Bxa2 36. Ra1 Bc4 37. Rxa7 Be2+ 38. Kh4 Bf3 39. g6 h6 40. f6 Re5 41. Bxe5+ 1-0


[Site "https://www.chess.com"]

[Event "Titled Tuesday Blitz March 21 Late 2023"]
[White "Bilych, Olexiy"]
[Black "Grigoriants, Sergey"]
[WhiteFideId "14156504"]
[BlackFideId "4130804"]
[WhiteElo "2320"]
[BlackElo "2502"]
[Result "1/2-1/2"]
[Round "03"]
[TimeControl "180+2"]
[Date "2023.03.21"]
[WhiteClock "0:00:25"]
[BlackClock "0:00:32"]

1. d4 d5 2. c4 c6 3. Nf3 Nf6 4. Nc3 dxc4 5. a4 a5 6. e4 Bg4 7. Bxc4 e6 8. Be3 Bb4 9. Qc2 Nbd7 10. Be2 Bh5 11. O-O O-O 12. Rad1 Qe7 13. h3 h6 14. Na2 Bg6 15. Nxb4 axb4 16. Bd3 b3 17. Qxb3 Bxe4 18. Bxe4 Nxe4 19. Qxb7 Nd6 20. Qb3 Nf5 21. Rc1 Rfb8 22. Qc2 Nf6 23. Ne5 Qd6 24. Nxc6 Rc8 25. b4 Nd5 26. Qc5 Rxa4 27. b5 Ra2 28. b6 Qxc5 29. dxc5 Rxc6 30. b7 Rb2 31. Rb1 Rxb7 32. Rxb7 Ndxe3 33. fxe3 Rxc5 34. e4 Nd6 35. Rd7 Nxe4 36. Rfxf7 Rg5 37. Rfe7 Kh7 38. Rxe6 Nc5 39. Red6 Nxd7 40. Rxd7 1/2-1/2


[Site "https://www.chess.com"]

[Event "Titled Tuesday Blitz March 21 Late 2023"]
[White "Gadimbayli, Abdulla"]
[Black "Sjugirov, Sanan"]
[WhiteFideId "13404938"]
[BlackFideId "4189302"]
[WhiteElo "2390"]
[BlackElo "2569"]
[Result "0-1"]
[Round "03"]
[TimeControl "180+2"]
[Date "2023.03.21"]
[WhiteClock "0:00:03"]
[BlackClock "0:00:02"]

1. e4 e6 2. d4 d5 3. Nd2 c5 4. exd5 exd5 5. Ngf3 Nf6 6. Bb5+ Bd7 7. Qe2+ Be7 8. dxc5 O-O 9. O-O Bxc5 10. Nb3 Re8 11. Qd3 Bb6 12. Bg5 Bxb5 13. Qxb5 Nbd7 14. c3 h6 15. Bh4 a6 16. Qd3 Qc7 17. Rad1 Qc6 18. Nbd4 Qa4 19. b3 Qa3 20. Nc2 Qa5 21. Nb4 Nc5 22. Qf5 Nce4 23. Bxf6 Nxf6 24. Nxd5 Nxd5 25. Qxd5 Qxa2 26. Ne5 Re7 27. Nc4 Ba7 28. Na5 Rae8 29. Rd2 Qa3 30. Nxb7 Re1 31. g3 Rxf1+ 32. Kxf1 Qc1+ 33. Kg2 Qxc3 34. Nd6 Rf8 35. Ne4 Qc7 36. Qd7 Qb6 37. Rd3 f5 38. Rf3 Qd4 39. Qxd4 Bxd4 40. Nd6 g6 41. Rd3 Bg7 42. Nc4 Rb8 43. Rd6 Kh7 44. Rxa6 Rxb3 45. Ra7 h5 46. Nd6 Kg8 47. Ra8+ Kh7 48. Ra7 Kg8 49. Ra8+ Bf8 50. Ra7 Bxd6 51. Ra6 Rd3 52. h4 Kf7 53. f4 Rd2+ 54. Kh3 Be7 55. Rc6 Re2 56. Ra6 Re3 57. Rb6 Rc3 58. Ra6 Bc5 59. Kg2 Rc2+ 0-1


[Site "https://www.chess.com"]

[Event "Titled Tuesday Blitz March 21 Late 2023"]
[White "Gholami Orimi, Mahdi"]
[Black "Fernandez Guillen, Ernesto J."]
[WhiteFideId "12558486"]
[BlackFideId "3512428"]
[WhiteElo "2363"]
[BlackElo "2423"]
[Result "1-0"]
[Round "03"]
[TimeControl "180+2"]
[Date "2023.03.21"]
[WhiteClock "0:00:18"]
[BlackClock "0:00:07"]

1. d4 Nf6 2. c4 g6 3. Nc3 d5 4. Bg5 dxc4 5. e3 Bg7 6. Bxc4 O-O 7. Nf3 a6 8. O-O b5 9. Be2 Bb7 10. Rc1 Nbd7 11. b4 Nd5 12. Nxd5 Bxd5 13. a3 h6 14. Bh4 g5 15. Bg3 c6 16. Nd2 f5 17. Qc2 a5 18. Bf3 axb4 19. axb4 Nb6 20. Bxd5+ cxd5 21. Bc7 Rc8 22. Bxd8 Rxc2 23. Rxc2 Rxd8 24. Rc5 Nc4 25. Nb3 Nd6 26. Rxd5 Ra8 27. Na5 Rc8 28. Rc5 Ra8 29. Rfc1 Kf7 30. Rc7 f4 31. exf4 gxf4 32. Re1 Bf6 33. Nc6 Nf5 34. d5 Kg6 35. h3 Ra2 36. Ne5+ Kg5 37. Rc5 Nd6 38. Rc7 h5 39. Rd7 Nf5 40. Nf3+ Kg6 41. Rd8 Rb2 42. Re4 Rb1+ 43. Kh2 Rf1 44. Rxf4 Rxf2 45. Rg8+ Kf7 46. Rg5 Bxg5 47. Nxg5+ Kg6 48. Rxf2 Kxg5 49. Re2 h4 50. Re4 Kf6 51. Kg1 Nd6 52. Rxh4 Ke5 53. Rh5+ Kd4 54. g4 Ne4 55. Rh7 Kxd5 56. Rxe7 1-0


[Site "https://www.chess.com"]

[Event "Titled Tuesday Blitz March 21 Late 2023"]
[White "Maatman, Nick"]
[Black "Kramnik, Vladimir"]
[WhiteFideId "1040391"]
[BlackFideId "4101588"]
[WhiteElo "2707"]
[BlackElo "2712"]
[Result "0-1"]
[Round "03"]
[TimeControl "180+2"]
[Date "2023.03.21"]
[WhiteClock "0:00:13"]
[BlackClock "0:01:05"]

1. d4 Nf6 2. c4 e6 3. g3 Bb4+ 4. Nd2 c5 5. Nf3 cxd4 6. Nxd4 Nc6 7. Nc2 Be7 8. Bg2 O-O 9. O-O d5 10. cxd5 Nxd5 11. Ne4 b6 12. Ne3 Bb7 13. Nxd5 exd5 14. Nc3 d4 15. Nd5 Re8 16. Bf4 Rc8 17. Nxe7+ Qxe7 18. Re1 g5 19. Bd2 h6 20. Rc1 Ne5 21. Bxb7 Qxb7 22. Qa4 Rcd8 23. f4 gxf4 24. Bxf4 b5 25. Qa5 d3 26. Rc7 Qe4 27. Qxb5 Nf3+ 28. exf3 Qxe1+ 29. Kg2 Qe2+ 30. Kh3 d2 31. Bxh6 Qxb5 0-1


[Site "https://www.chess.com"]

[Event "Titled Tuesday Blitz March 21 Late 2023"]
[White "Zierk, Steven"]
[Black "Preotu, Razvan"]
[WhiteFideId "2034255"]
[BlackFideId "2613280"]
[WhiteElo "2494"]
[BlackElo "2407"]
[Result "1-0"]
[Round "03"]
[TimeControl "180+2"]
[Date "2023.03.21"]
[WhiteClock "0:00:08"]
[BlackClock "0:00:02"]

1. e4 c5 2. Nf3 d6 3. d4 cxd4 4. Nxd4 Nf6 5. Nc3 a6 6. h3 e5 7. Nde2 h5 8. Bg5 Be6 9. Bxf6 Qxf6 10. Nd5 Qd8 11. Nec3 g6 12. Qd3 Bh6 13. Be2 O-O 14. O-O Nc6 15. Kh2 Nd4 16. f4 Rc8 17. f5 Bxd5 18. Nxd5 Rxc2 19. Bd1 Rd2 20. Qg3 Kh7 21. Bb3 gxf5 22. Qe1 Rg8 23. Rf2 Rd3 24. exf5 Qh4 25. Qf1 Rdg3 26. Rd1 Be3 27. Nxe3 Rxe3 28. Bxf7 Rgg3 29. f6 Qg5 30. Bd5 e4 31. f7 Qe5 32. Kh1 Qxd5 33. f8=Q Qg5 34. Rf7+ 1-0


[Site "https://www.chess.com"]

[Event "Titled Tuesday Blitz March 21 Late 2023"]
[White "Vasquez Schroeder, Rodrigo"]
[Black "Matinian, Nikita"]
[WhiteFideId "3400042"]
[BlackFideId "24129100"]
[WhiteElo "2600"]
[BlackElo "2422"]
[Result "1-0"]
[Round "03"]
[TimeControl "180+2"]
[Date "2023.03.21"]
[WhiteClock "0:01:20"]
[BlackClock "0:00:18"]

1. e4 c5 2. Nf3 e6 3. d4 cxd4 4. Nxd4 Nc6 5. Nb5 Nf6 6. N1c3 a6 7. Nd6+ Bxd6 8. Qxd6 Qe7 9. Bf4 b5 10. a3 e5 11. Qxe7+ Kxe7 12. Bg5 Nd4 13. O-O-O Bb7 14. f3 Rac8 15. Be3 Ne6 16. g3 Rhd8 17. Bb6 Re8 18. h4 d6 19. Bh3 Rc4 20. Rd2 Rec8 21. Rhd1 Ne8 22. Nd5+ Kf8 23. Be3 R4c6 24. Kb1 a5 25. Bf1 Ba6 26. Nc3 Rxc3 27. bxc3 Rxc3 28. Rd3 Rc6 29. Rb3 N8c7 30. Kb2 Ke7 31. Rc3 Nc5 32. Bxc5 dxc5 33. Rcd3 c4 34. Rd7+ Ke8 35. Rd8+ Ke7 36. R1d7+ Ke6 37. Bh3+ 1-0


[Site "https://www.chess.com"]

[Event "Titled Tuesday Blitz March 21 Late 2023"]
[White "Bitoon, Richard"]
[Black "Kozak, Adam"]
[WhiteFideId "5201110"]
[BlackFideId "753246"]
[WhiteElo "2374"]
[BlackElo "2469"]
[Result "0-1"]
[Round "03"]
[TimeControl "180+2"]
[Date "2023.03.21"]
[WhiteClock "0:00:02"]
[BlackClock "0:01:08"]

1. e4 c5 2. c3 g6 3. d4 cxd4 4. cxd4 d5 5. e5 a6 6. Nc3 Nh6 7. h3 Nc6 8. g4 f6 9. f4 Nf7 10. Bg2 Bg7 11. Bxd5 fxe5 12. Bxf7+ Kxf7 13. Qb3+ Ke8 14. dxe5 Nd4 15. Qd1 b5 16. Be3 Bb7 17. Rh2 Ne6 18. Rd2 Qc7 19. Rc1 Qc4 20. b3 Qb4 21. Nge2 Rf8 22. a3 Qxa3 23. Nd5 Bxd5 24. Rxd5 Qb4+ 25. Kf2 Nxf4 26. Nxf4 Rxf4+ 27. Bxf4 Qxf4+ 28. Kg1 Qe3+ 29. Kh2 Bxe5+ 30. Kg2 Qg3+ 31. Kf1 Qxh3+ 32. Kf2 Qg3+ 33. Kf1 Qh3+ 34. Kf2 Qh2+ 35. Kf1 Bf4 36. Rc3 Qh1+ 37. Ke2 Qg2+ 0-1


[Site "https://www.chess.com"]

[Event "Titled Tuesday Blitz March 21 Late 2023"]
[White "Svane, Frederik"]
[Black "Vlassov, Nikolai"]
[WhiteFideId "12923044"]
[BlackFideId "4103360"]
[WhiteElo "2502"]
[BlackElo "2324"]
[Result "1-0"]
[Round "03"]
[TimeControl "180+2"]
[Date "2023.03.21"]
[WhiteClock "0:00:20"]
[BlackClock "0:00:03"]

1. c4 e5 2. g3 h5 3. Nf3 e4 4. Nh4 Nf6 5. d3 Nc6 6. Bg2 Bb4+ 7. Nc3 d5 8. O-O Bxc3 9. bxc3 dxc4 10. dxe4 Qxd1 11. Rxd1 Bg4 12. f3 Be6 13. Rb1 Rd8 14. Bf4 O-O 15. Rxd8 Nxd8 16. Bxc7 g5 17. Rd1 Nc6 18. Nf5 g4 19. Bf4 Bxf5 20. exf5 Re8 21. Kf2 gxf3 22. exf3 Ne5 23. Bf1 b5 24. Rd6 Kg7 25. h3 a5 26. a3 b4 27. axb4 axb4 28. cxb4 c3 29. b5 c2 30. b6 Ned7 31. Rc6 1-0


[Site "https://www.chess.com"]

[Event "Titled Tuesday Blitz March 21 Late 2023"]
[White "Dardha, Daniel"]
[Black "Panesso Rivera, Henry"]
[WhiteFideId "240990"]
[BlackFideId "4402707"]
[WhiteElo "2581"]
[BlackElo "2345"]
[Result "1-0"]
[Round "03"]
[TimeControl "180+2"]
[Date "2023.03.21"]
[WhiteClock "0:00:07"]
[BlackClock "0:00:05"]

1. d4 Nf6 2. Bg5 c5 3. dxc5 Na6 4. Nc3 Nxc5 5. Bxf6 gxf6 6. e4 d6 7. Qd2 h5 8. O-O-O Qa5 9. Bc4 Bh6 10. f4 Be6 11. Bxe6 fxe6 12. Kb1 b5 13. Qe3 b4 14. Nce2 e5 15. Qf3 Bxf4 16. g3 Bh6 17. Qxh5+ Kd7 18. Qf5+ Kc7 19. Nh3 Rab8 20. Nf2 Rb6 21. Nd3 Ra6 22. Nec1 Be3 23. Nxc5 Bxc5 24. Qe6 Re8 25. h4 Qa4 26. h5 Qd7 27. Qb3 Rb6 28. Nd3 Qc6 29. Qf7 Kd8 30. h6 Rb8 31. h7 Rh8 32. Qg7 Kd7 33. Rh6 Bd4 34. Rxf6 Qxe4 35. Rf7 Rbe8 36. Re1 Qd5 37. Rxe7+ Rxe7 38. Qxh8 Qf7 39. Nxb4 Qxh7 40. Qa8 Ke6 41. Qd5+ Kd7 42. Nc6 Re8 43. Nxd4 exd4 44. Qb7+ Kd8 45. Rxe8+ Kxe8 46. Qxh7 1-0


[Site "https://www.chess.com"]

[Event "Titled Tuesday Blitz March 21 Late 2023"]
[White "Durarbayli, Vasif"]
[Black "Taboas Rodriguez, Daniel"]
[WhiteFideId "13402935"]
[BlackFideId "2208466"]
[WhiteElo "2543"]
[BlackElo "2365"]
[Result "1-0"]
[Round "03"]
[TimeControl "180+2"]
[Date "2023.03.21"]
[WhiteClock "0:00:06"]
[BlackClock "0:00:01"]

1. e4 e5 2. Nf3 Nc6 3. d4 exd4 4. Nxd4 Nf6 5. Nxc6 bxc6 6. e5 Qe7 7. Qe2 Nd5 8. h4 a5 9. c4 Ba6 10. b3 Nb6 11. g3 O-O-O 12. Bh3 f6 13. exf6 Qxf6 14. Bb2 Bb4+ 15. Kf1 Qg6 16. Nc3 Rhe8 17. Qd1 Rf8 18. Kg2 Bc5 19. Rf1 Nxc4 20. bxc4 Bxc4 21. Qg4 Bxf1+ 22. Rxf1 Qc2 23. Qe2 Qxe2 24. Nxe2 Rde8 25. Nf4 g6 26. Rd1 Rf7 27. Bc3 Bb4 28. Bd4 Re1 29. Rxe1 Bxe1 30. Nd3 Bb4 31. Ne5 Re7 32. Nxc6 Re2 33. a3 Bxa3 34. Nxa5 c5 35. Be3 Kc7 36. Nc4 Bb4 37. Bf4+ Kd8 38. Bg5+ Kc7 39. Bf4+ Kd8 40. Bg4 Rc2 41. Bg5+ Kc7 42. Bf4+ Kb7 43. Bf3+ Ka6 44. Bd5 Kb5 45. Nd6+ Ka4 46. Kf3 Ka3 47. Be3 Kb2 48. Ke4 Kc3 49. g4 Kb2 50. Nc4+ Kc3 51. Ne5 d6 52. Nc4 Re2 53. Nxd6 Re1 54. h5 Rh1 55. hxg6 hxg6 56. Nc4 Rh8 57. f4 Re8+ 58. Ne5 Kb2 59. Bc4 Kc3 60. Bd5 c4 61. Bd4+ 1-0


[Site "https://www.chess.com"]

[Event "Titled Tuesday Blitz March 21 Late 2023"]
[White "benny_aizenberg"]
[Black "Movahed, Sina"]
[BlackFideId "42520835"]
[WhiteElo "2621"]
[BlackElo "2225"]
[Result "0-1"]
[Round "03"]
[TimeControl "180+2"]
[Date "2023.03.21"]
[WhiteClock "0:00:04"]
[BlackClock "0:00:15"]

1. e4 c5 2. b4 cxb4 3. d4 e6 4. a3 Nf6 5. Bd3 b6 6. axb4 Bxb4+ 7. c3 Be7 8. Nf3 Bb7 9. Nbd2 O-O 10. e5 Nd5 11. Ne4 d6 12. exd6 Bxd6 13. Nxd6 Qxd6 14. Ba3 Qc7 15. Bxf8 Qxc3+ 16. Kf1 Kxf8 17. Rc1 Qa3 18. Be4 Nd7 19. g3 N7f6 20. Bd3 Ng4 21. Qd2 Ba6 22. Ne1 Bxd3+ 23. Nxd3 Qa4 24. h3 Ngf6 25. Ne5 h6 26. Kg2 Kg8 27. Qd3 Qe8 28. Ra1 a5 29. Rhb1 Nb4 30. Qf3 Nfd5 31. Nd3 Nc2 32. Ra2 Nxd4 33. Qe4 Qc6 34. Kh2 Nc3 35. Qxd4 Nxb1 36. Rb2 Qc3 37. Qe4 Rd8 38. Rxb1 Qxd3 39. Qe1 Qd6 40. Qe3 Qc5 41. Rxb6 Qxe3 42. fxe3 Ra8 43. Rb3 a4 44. Ra3 Kf8 45. Kg2 Ke7 46. Kf3 Kd6 47. Ke2 Kc5 48. Rc3+ Kb4 49. Rc7 a3 50. Rb7+ Kc3 51. Rc7+ Kb3 52. Rb7+ Kc4 53. Rc7+ Kd5 54. Rd7+ Ke5 55. Rxf7 a2 56. Rxg7 a1=Q 57. Kf3 Qf1+ 58. Kg4 Qf5+ 59. Kh4 Qf6+ 60. Kh5 Qxg7 61. h4 Qxg3 62. e4 Kxe4 63. Kxh6 Rh8# 0-1


[Site "https://www.chess.com"]

[Event "Titled Tuesday Blitz March 21 Late 2023"]
[White "Papp, Levente"]
[Black "Costachi, Mihnea"]
[WhiteFideId "751243"]
[BlackFideId "1217518"]
[WhiteElo "2380"]
[BlackElo "2456"]
[Result "0-1"]
[Round "03"]
[TimeControl "180+2"]
[Date "2023.03.21"]
[WhiteClock "0:00:02"]
[BlackClock "0:01:31"]

1. b3 d5 2. Nf3 Nf6 3. Bb2 g6 4. g3 Bg7 5. Bg2 O-O 6. c4 c6 7. O-O Bf5 8. Nc3 d4 9. Na4 d3 10. Nc5 dxe2 11. Qxe2 Nbd7 12. Nxd7 Qxd7 13. d4 Bh3 14. Rfe1 Bxg2 15. Kxg2 Rfe8 16. Rad1 e6 17. Ne5 Qc7 18. f4 Rad8 19. Qf3 Nd7 20. a3 a5 21. b4 axb4 22. axb4 Ra8 23. Ra1 f6 24. Nd3 Nb6 25. Rxa8 Rxa8 26. Rxe6 Nxc4 27. Qe2 Qf7 28. d5 Qd7 29. dxc6 bxc6 30. Nc5 Qd5+ 31. Kh3 Nxb2 32. Qxb2 Ra2 33. Qc3 Qh5# 0-1


[Site "https://www.chess.com"]

[Event "Titled Tuesday Blitz March 21 Late 2023"]
[White "Rasulov, Vugar"]
[Black "Koellner, Ruben Gideon"]
[WhiteFideId "13402390"]
[BlackFideId "12993093"]
[WhiteElo "2509"]
[BlackElo "2303"]
[Result "1-0"]
[Round "03"]
[TimeControl "180+2"]
[Date "2023.03.21"]
[WhiteClock "0:01:08"]
[BlackClock "0:00:06"]

1. d4 d6 2. e4 Nf6 3. Nc3 e5 4. dxe5 dxe5 5. Qxd8+ Kxd8 6. Bc4 Be6 7. Bxe6 fxe6 8. f3 Bd6 9. Nh3 Ke7 10. Nf2 Nbd7 11. Be3 a6 12. a4 c6 13. a5 Bb4 14. Nd3 Bxc3+ 15. bxc3 Ne8 16. O-O-O h6 17. Nc5 Nef6 18. Nxb7 Rhb8 19. Nc5 Rb5 20. Nb3 Rc8 21. c4 Rb4 22. c5 Ne8 23. Rd3 Rcb8 24. Rhd1 Ndf6 25. g4 R4b7 26. h4 Nd7 27. h5 Ndf6 28. g5 Nxh5 29. gxh6 gxh6 30. Bxh6 Nf4 31. Bg5+ Kf7 32. Rd7+ Kg6 33. Rxb7 Rxb7 34. Bxf4 exf4 35. Rd8 Nc7 36. Rd7 e5 37. Nd2 Kf6 38. c3 Ke6 39. Rh7 Ra7 40. c4 Rb7 41. Kc2 Kf6 42. Nb1 Kg6 43. Rd7 Kg5 44. Nc3 Kh4 45. Rg7 Kh3 46. Nd1 Ra7 47. Nf2+ Kh4 48. Nd3 Nb5 49. Rg4+ Kh3 50. cxb5 axb5 51. Nxe5 Rxa5 52. Rxf4 b4 53. Nd3 Ra2+ 54. Kb3 Ra3+ 55. Kc4 Rc3+ 56. Kd4 Rc2 57. Nxb4 1-0


[Site "https://www.chess.com"]

[Event "Titled Tuesday Blitz March 21 Late 2023"]
[White "Defend1r"]
[Black "Drygalov, Andrey"]
[BlackFideId "24171735"]
[WhiteElo "2575"]
[BlackElo "2471"]
[Result "0-1"]
[Round "03"]
[TimeControl "180+2"]
[Date "2023.03.21"]
[WhiteClock "0:01:46"]
[BlackClock "0:01:43"]

1. e4 c5 2. Nf3 d6 3. c3 Nf6 4. h3 g6 5. Bd3 Bg7 6. Bc2 Nc6 7. d4 cxd4 8. cxd4 O-O 9. Nc3 e5 10. d5 Nd4 11. Bd3 Nd7 12. O-O Nc5 13. Be3 Nxf3+ 14. gxf3 Nxd3 15. Qxd3 Bxh3 16. Rfc1 f5 17. f4 Qh4 18. Ne2 Qg4+ 19. Ng3 exf4 20. Rc7 fxe3 21. Rxg7+ Kxg7 22. Qxe3 f4 23. Qd4+ Kg8 24. Kh2 fxg3+ 25. fxg3 Qh5 26. Rc1 Bg4+ 27. Kg1 Bf3 28. Rc7 Qh1+ 29. Kf2 Qg2+ 0-1


[Site "https://www.chess.com"]

[Event "Titled Tuesday Blitz March 21 Late 2023"]
[White "Moussard, Jules"]
[Black "Mendez Fortes, Eduardo Jesus"]
[WhiteFideId "642908"]
[BlackFideId "3502376"]
[WhiteElo "2610"]
[BlackElo "2307"]
[Result "1-0"]
[Round "03"]
[TimeControl "180+2"]
[Date "2023.03.21"]
[WhiteClock "0:00:04"]
[BlackClock "0:00:07"]

1. e4 e5 2. Nf3 Nc6 3. Bc4 Nf6 4. d3 Bc5 5. O-O d6 6. c3 O-O 7. a4 a6 8. h3 Ba7 9. Re1 Ne7 10. Nbd2 Ng6 11. d4 h6 12. Bd3 Re8 13. Nf1 c6 14. Ng3 b5 15. Be3 Nf4 16. Bf1 Qc7 17. c4 bxc4 18. Bxc4 Ng6 19. Rc1 Qb7 20. Qd2 Rb8 21. dxe5 dxe5 22. Bxh6 Qxb2 23. Rc2 Qb4 24. Qg5 Be6 25. Bxg7 Kxg7 26. Kh2 Nh7 27. Nh5+ Kh8 28. Qh6 Qf8 29. Qd2 Rbd8 30. Qe2 Qh6 31. Bxe6 Rxe6 32. Ng3 Nf4 33. Qxa6 Bb8 34. Qb6 Rde8 35. Nf5 Qg6 36. g3 Nh5 37. N3h4 Qg5 38. Rxc6 Ng7 39. Rxe6 Nxe6 40. Qc6 Qd8 41. Rd1 Nd4 42. Nxd4 exd4 43. Rxd4 Qe7 44. Qd5 Qxh4 45. Qxf7 Qe7 46. Qxe7 Rxe7 47. Rd8+ Kg7 48. Rxb8 Rxe4 49. a5 Ra4 50. Rb7+ Kg6 51. Rb6+ Nf6 52. a6 Kf5 53. Kg2 Nd5 54. Rd6 Nb4 55. g4+ Ke5 56. Rd8 Nxa6 57. Kg3 Nc5 58. f4+ Kf6 59. g5+ Kf5 60. Rf8+ Kg6 61. Rf6+ Kg7 62. Kg4 Ra3 63. h4 Ne4 64. Re6 Rg3+ 65. Kh5 Nc5 66. Re7+ Kf8 67. Re5 Nd7 68. Rd5 Ke7 69. f5 Rf3 70. Kg4 Rf1 71. Rd2 Rg1+ 72. Kh5 Rf1 73. Re2+ Kf7 74. g6+ Kf8 75. Kg5 Nc5 76. h5 Rg1+ 77. Kh6 Nd7 78. Re6 Rf1 79. Kh7 Rxf5 80. g7+ Kf7 81. g8=Q# 1-0


[Site "https://www.chess.com"]

[Event "Titled Tuesday Blitz March 21 Late 2023"]
[White "Perez Ponsa, Federico"]
[Black "Ehlvest, Jaan"]
[WhiteFideId "117927"]
[BlackFideId "4500016"]
[WhiteElo "2592"]
[BlackElo "2442"]
[Result "0-1"]
[Round "03"]
[TimeControl "180+2"]
[Date "2023.03.21"]
[WhiteClock "0:00:22"]
[BlackClock "0:00:28"]

1. e4 c5 2. Nf3 Nc6 3. Bb5 g6 4. O-O Bg7 5. Re1 e5 6. Nc3 Nge7 7. d3 O-O 8. a3 d6 9. h3 h6 10. Bc4 a6 11. Rb1 b5 12. Ba2 Be6 13. Nd5 Bxd5 14. exd5 Nb8 15. b4 Nd7 16. c4 bxc4 17. dxc4 f5 18. Bb3 e4 19. Nd2 Rc8 20. f3 g5 21. fxe4 f4 22. bxc5 Rxc5 23. e5 Nxe5 24. Ne4 f3 25. Rf1 Nf5 26. Nxc5 dxc5 27. gxf3 Nd4 28. Be3 Nexf3+ 29. Kh1 Qd7 30. Kg2 Nh4+ 31. Kg1 Ndf3+ 32. Kf2 Nd2+ 33. Ke2 Nxf1 34. Qxf1 Rxf1 35. Rxf1 Qxh3 36. d6 Nf5 37. Bf2 Nxd6 0-1


[Site "https://www.chess.com"]